Map: Simulacrum LE

Players

Ratl - Winner!

  • Race: Protoss Protoss
  • League: Silver
  • Spawn Location: 5:00

VOD

Have the link to the VOD?

Description

Time

  • Played on: Feb. 15, 2020, 7:34 a.m.
  • Length: 11:37
Show
View Real Time Build Order
Export as new Build Order

Ratl Protoss - Winner!

Build Orders:  

Get SALT Encoding   

  12  0:03  Probe  
  12  0:15  Probe  
  12  0:20  Pylon  
  12  0:27  Probe  
  12  0:35  Assimilator  
  12  0:39  Probe  
  12  0:46  Gateway  
  12  0:51  Probe (Chrono Boost), Assimilator  
  12  1:03  Probe (Chrono Boost)  
  12  1:07  Probe (Chrono Boost)  
  12  1:18  Probe (Chrono Boost)  
  12  1:23  Assimilator  
  12  1:26  Probe (Chrono Boost)  
  12  1:35  Probe  
  12  1:40  Cybernetics Core  
  12  1:42  Gateway  
  12  1:47  Probe  
  12  2:08  Pylon  
  12  2:22  Nexus  
  12  2:26  Probe  
  12  2:35  Pylon  
  12  2:38  Probe  
  12  2:39  Stalker  
  12  2:42  Warp Gate  
  12  2:50  Probe  
  12  2:55  Stalker  
  12  3:02  Probe  
  12  3:14  Probe  
  12  3:17  Robotics Facility  
  12  3:25  Sentry  
  12  3:26  Probe (Chrono Boost), Stalker  
  12  3:36  Probe (Chrono Boost)  
  12  3:37  Probe (Chrono Boost)  
  12  3:41  Probe (Chrono Boost)  
  12  3:42  Probe (Chrono Boost)  
  12  3:48  Probe  
  12  3:53  Probe  
  12  3:56  Stalker  
  12  4:00  Probe  
  12  4:04  Observer  
  12  4:05  Probe  
  12  4:10  Stalker  
  12  4:12  Probe  
  12  4:17  Probe  
  12  4:24  Probe  
  12  4:25  Pylon  
  12  4:33  Probe  
  12  4:36  Nexus  
  12  4:39  Pylon  
  12  4:41  Pylon  
  12  4:43  Probe  
  12  4:45  Probe  
  12  4:46  Assimilator  
  12  4:49  Assimilator  
  12  4:52  Pylon  
  12  4:55  Probe  
  12  4:57  Probe  
  12  4:58  Immortal  
  12  5:05  Pylon  
  12  5:07  Probe  
  12  5:09  Probe  
  12  5:19  Stalker x2  
  12  5:20  Probe  
  12  5:21  Probe  
  12  5:32  Probe  
  12  5:33  Probe  
  12  5:35  Pylon  
  12  5:39  Gateway  
  12  5:40  Gateway  
  12  5:44  Probe (Chrono Boost)  
  12  5:48  Probe (Chrono Boost)  
  12  5:50  Probe (Chrono Boost)  
  12  5:52  Immortal  
  12  5:56  Probe (Chrono Boost)  
  12  5:57  Probe (Chrono Boost)  
  12  6:00  Probe (Chrono Boost)  
  12  6:04  Twilight Council  
  12  6:08  Forge  
  12  6:09  Forge  
  12  6:12  Forge  
  12  6:13  Probe x2 (Chrono Boost)  
  12  6:14  Probe (Chrono Boost)  
  12  6:25  Probe x3 (Chrono Boost)  
  12  6:30  Probe x3 (Chrono Boost)  
  12  6:39  Probe, Nexus  
  12  6:40  Probe x2  
  12  6:42  Pylon  
  12  6:49  Templar Archives  
  12  6:51  Probe, Immortal  
  12  6:52  Probe x2  
  12  7:01  Pylon, Assimilator  
  12  7:04  Probe x3  
  12  7:08  Stalker x2  
  12  7:11  Assimilator  
  12  7:16  Probe x2  
  12  7:17  Probe  
  12  7:28  Probe x2  
  12  7:29  Probe, Photon Cannon  
  12  7:30  Photon Cannon  
  12  7:38  Photon Cannon  
  12  7:40  Probe (Chrono Boost), Photon Cannon  
  12  7:41  Probe (Chrono Boost)  
  12  7:42  Probe (Chrono Boost)  
  12  7:45  Photon Cannon  
  12  7:46  Photon Cannon  
  12  7:51  Probe (Chrono Boost)  
  12  7:58  Probe (Chrono Boost)  
  12  7:59  Probe x2 (Chrono Boost)  
  12  8:00  Probe (Chrono Boost)  
  12  8:05  Probe (Chrono Boost)  
  12  8:09  Assimilator  
  12  8:10  Assimilator  
  12  8:21  Protoss Ground Armor Level 1 (Chrono Boost)  
  12  8:22  Nexus  
  12  8:23  Stalker x4  
  12  8:25  Protoss Ground Weapons Level 1 (Chrono Boost), Pylon, Protoss Shields Level 1 (Chrono Boost)  
  12  8:28  Pylon  
  12  8:30  Immortal  
  12  8:38  Pylon  
  12  8:44  Robotics Facility  
  12  8:45  Robotics Facility  
  12  8:48  Gateway  
  12  8:49  Gateway  
  12  8:50  Gateway  
  12  8:57  Gateway  
  12  9:01  Gateway  
  12  9:03  Gateway x2  
  12  9:05  Gateway  
  12  9:06  Gateway  
  12  9:08  Gateway  
  12  9:13  Gateway  
  12  9:19  Stalker x2  
  12  9:20  Stalker x2  
  12  9:28  Immortal  
  12  9:47  Gateway x2  
  12  9:48  Gateway  
  12  9:51  Gateway, Immortal  
  12  9:53  Gateway  
  12  9:54  Gateway  
  12  9:57  Gateway  
  12  9:58  Gateway, Immortal  
  12  10:01  Gateway  
  12  10:03  Gateway  
  12  10:10  Gateway  
  12  10:11  Gateway  
  12  10:31  High Templar  
  12  10:32  High Templar x6  
  12  10:33  High Templar x7  
  12  10:34  High Templar  
  12  10:37  Archon  
  12  10:38  Archon x6  
  12  11:00  Pylon  
  12  11:04  Pylon  
  12  11:05  High Templar  
Tags
 
Add a new tag
Caveats
  • Supply blocks, unpowered buildings, or Contaminate may cause inaccurate times.
  • Supply counts are checked every 10 seconds.